 Dungeon Crawl Stone Soup version 0.27-a0-920-gb2bd10914a (webtiles) character file.

Game seed: 12926429169396779914

253 Lanoc the Poker (level 6, -5/48 HPs)
             Began as a Merfolk Fighter on Apr 9, 2021.
             Was a Believer of Uskayaw.
             Slain by an ogre
             ... wielding a +0 giant spiked club
              (27 damage)
             ... on level 3 of the Dungeon.
             The game lasted 00:05:05 (3888 turns).

Lanoc the Poker (Merfolk Fighter)                   Turns: 3888, Time: 00:05:06

Health: -5/48      AC: 10    Str: 17    XL:     6   Next: 14%
Magic:  7/7        EV:  8    Int:  7    God:    Uskayaw [**....]
Gold:   145        SH:  9    Dex: 15    Spells: 5/5 levels left

rFire    . . .     SeeInvis .   a - +0 trident
rCold    . . .     Faith    .   c - +0 kite shield
rNeg     . . .     Spirit   .   b - +0 scale mail
rPois    .         Reflect  .   (no helmet)
rElec    .         Harm     .   (no cloak)
rCorr    .         Rampage  .   (no gloves)
Will     .....                  (no boots)
Stlth    ..........             (no amulet)
HPRegen  0.16/turn              h - +4 ring of protection
MPRegen  0.10/turn              (no ring)

@: no status effects
A: (nimble swimmer 2), mertail
a: Renounce Religion, Stomp, Line Pass


You were on level 3 of the Dungeon.
You worshipped Uskayaw.
Uskayaw was noncommittal.
You visited 1 branch of the dungeon, and saw 4 of its levels.

You collected 145 gold pieces.

Inventory:

Hand Weapons
 a - a +0 trident (weapon)
Armour
 b - a +0 scale mail (worn)
 c - a +0 kite shield (worn)
Jewellery
 h - a +4 ring of protection (left hand)
Wands
 m - a wand of polymorph (18)
Scrolls
 e - a scroll of summoning {unknown}
 f - 3 scrolls of fear {unknown}
 i - 3 scrolls of identify {unknown}
 j - a scroll of teleportation {unknown}
 k - a scroll of noise {unknown}
 n - a scroll of enchant armour {unknown}
 p - a scroll of silence {unknown}
 r - a scroll of amnesia {unknown}
Potions
 d - a potion of might
 g - a potion of lignification {unknown}
 l - a potion of heal wounds {unknown}
 o - a potion of mutation {unknown}
 q - a potion of haste {unknown}


   Skills:
 + Level 4.1 Fighting
 * Level 5.9 Polearms
 - Level 2.1 Armour
 + Level 3.0 Dodging
 + Level 3.9 Shields
 * Level 2.0 Invocations


You had 5 spell levels left.
You didn't know any spells.
Your spell library contained the following spells:

 Spells                   Type           Power      Damage    Failure   Level
 Animate Skeleton         Necr           0%         N/A       100%        1
 Apportation              Tloc           0%         N/A       100%        1
 Corona                   Hex            0%         N/A       100%        1
 Summon Small Mammal      Summ           0%         N/A       100%        1


Dungeon Overview and Level Annotations

Branches:
Dungeon (4/15)
 Temple: D:4-7

Altars:
Uskayaw

Shops:
D:2 [

Annotations:
D:3 3 runed translucent doors, p0werm0de's ghost, weakling DDFi


Innate Abilities, Weirdness & Mutations

((You are quick and stealthy near water. (Stealth+, EV+, Speed+++)))
Your lower body shifts to a powerful aquatic tail in water.


Message History

An ogre comes into view. It is wielding a +0 giant spiked club.
The ogre shouts!
The ogre shouts!
You see here a +0 dagger.
There is a stone staircase leading up here.
You reach to attack!
You hit the ogre.
The ogre is lightly wounded.
You block the ogre's attack.
You climb upwards.
Level annotation: 3 runed translucent doors, p0werm0de's ghost, weakling DDFi
There is a stone staircase leading down here.
You hit the ogre.
The ogre is moderately wounded.
You block the ogre's attack.
You puncture the ogre!
The ogre is heavily wounded.
You block the ogre's attack.
Your shield and scale mail prevent you from hitting the ogre.
The ogre is heavily wounded.
The ogre hits you with a +0 giant spiked club!!
You puncture the ogre!
The ogre is almost dead.
You block the ogre's attack.
You can now pass through a line of other dancers.
You hit the ogre.
The ogre is almost dead.
You block the ogre's attack.
You hit the ogre but do no damage.
The ogre is almost dead.
The ogre hits you with a +0 giant spiked club!
You hit the ogre but do no damage.
The ogre is almost dead.
You barely miss the ogre.
The ogre is almost dead.
You block the ogre's attack.
You hit the ogre but do no damage.
The ogre is almost dead.
The ogre hits you with a +0 giant spiked club!!
Ouch! That really hurt!
You die...

.....................####
............##..........#
..##........##.#...#.####
.........##.##.#...#.#####
.........................#
.........##....#...#.######
#........##....#..........#
##....#....).....O.#.######
.##...#..<.#...#@........#
..#...#..........#.#.###.#
..##..#...............##.#
...#...........###.#.###.#
#..#....##.#.#.# #.......#
#..#.........#.# #.#.#####
#..##..........# #.#.# ...
#..###.###.# #.#.# ..
##..###.###.###.#.####


You could see an ogre.

Vanquished Creatures
  A scorpion (D:4)
  A hound skeleton (D:4)
  8 adders
  3 worms (D:2)
  9 ball pythons
  6 endoplasms
  5 giant cockroaches
  8 goblins
  8 hobgoblins
  15 jackals
  8 kobolds
  5 quokkas
  5 bats
  4 frilled lizards
  5 rats
91 creatures vanquished.

Notes
Turn   | Place    | Note
-------+----------+-------------------------------------------
     0 | D:1      | Lanoc the Merfolk Fighter began the quest for the Orb.
     0 | D:1      | Reached XP level 1. HP: 18/18 MP: 1/1
   116 | D:1      | Reached XP level 2. HP: 20/24 MP: 2/2
   400 | D:1      | Reached skill level 1 in Dodging
   448 | D:1      | Reached XP level 3. HP: 29/29 MP: 3/3
   481 | D:1      | Reached skill level 4 in Polearms
  1575 | D:2      | Reached XP level 4. HP: 37/37 MP: 4/4
  1832 | D:2      | Found Nirypul's Antique Armour Boutique.
  1841 | D:2      | Reached skill level 5 in Polearms
  1960 | D:2      | Found a faded altar of an unknown god.
  1976 | D:2      | Became a worshipper of Uskayaw the Reveller
  1976 | D:2      | Reached * piety under Uskayaw
  2183 | D:3      | Reached XP level 5. HP: 42/42 MP: 5/5
  2212 | D:3      | Found a runed translucent gate.
  2212 | D:3      | Found a runed translucent gate.
  2215 | D:3      | Found a runed translucent gate.
  2229 | D:3      | Reached ** piety under Uskayaw
  2295 | D:3      | Noticed p0werm0de's ghost (weakling DDFi)
  2477 | D:3      | Reached skill level 1 in Invocations
  2688 | D:3      | Reached *** piety under Uskayaw
  3070 | D:4      | Noticed a two-headed ogre
  3160 | D:4      | Noticed Sigmund
  3320 | D:4      | Noticed Sigmund
  3320 | D:4      | Sigmund changed into Sigmund the rat
  3324 | D:4      | Killed Sigmund the rat
  3436 | D:4      | Noticed an ogre
  3563 | D:4      | Reached XP level 6. HP: 10/48 MP: 5/7
  3570 | D:4      | HP: 2/48 [poisoned by a scorpion]
  3888 | D:3      | Slain by an ogre

Illustrated notes

Levels and vault maps discovered:
D:1:      dpeg_arrival_circle_labyrinth_c, layout_basic
D:2:      minmay_angry_zag, layout_rooms, serial_shops,
          nicolae_shop_behind_doors, ebering_ecumenical_altar_rust, st_stairs_2
D:3:      layout_basic, gammafunk_ghost_icy, grunt_ministairs_1
D:4:      layout_basic, temple_fountains, minmay_fractal_squares_5, uniq_sigmund

Skill      XL: |  1  2  3  4  5  6 |
---------------+-------------------+-----
Dodging        | 1 2 3 |  3.0
Polearms       | 4 5 |  5.9
Fighting       | 4 |  4.1
Invocations    | 1 2 |  2.0
Armour         | |  2.1
Shields        | |  3.9

Action                   |  1- 3 |  4- 6 || total
-------------------------+-------+-------++-------
Melee: Trident           |   101 |   223 ||   324
Evoke: Wand              |       |     2 ||     2
 Stab: Paralysed         |       |     2 ||     2
Armor: Scale mail        |    50 |    91 ||   141
Dodge: Dodged            |    29 |    66 ||    95
Block: Kite shield       |    39 |   113 ||   152

Table legend: (Time is in decaauts)
 A = Elapsed time spent in this place.
 B = Non-inter-level travel time spent in this place.
 C = Inter-level travel time spent in this place.
 D = Time resting spent in this place.
 E = Time spent auto-exploring this place.
 F = Levels seen in this place.
 G = Mean time per level.
                   A        B        C        D        E       F      G
               +--------+--------+--------+--------+--------+-----+--------+
         Total |   3990 |   3760 |    230 |    401 |   2635 |   4 |  997.5 |
       Dungeon |   3990 |   3760 |    230 |    401 |   2635 |   4 |  997.5 |
               +--------+--------+--------+--------+--------+-----+--------+

Top non-repeatable levels by time:
     D:1: 1584 daAuts
     D:3: 1454 daAuts
     D:2: 628 daAuts
     D:4: 322 daAuts
